 Dungeon Crawl Stone Soup version 0.18.1-1-g2f07953 (webtiles) character file.

444 Sixotanaka the Insei (level 6, -7/46 HPs)
             Began as a Demigod Transmuter on May 21, 2016.
             Mangled by an orc
             ... wielding a +0 trident
              (9 damage)
             ... on level 4 of the Dungeon.
             The game lasted 00:10:24 (5228 turns).

Sixotanaka the Insei (Demigod Transmuter)           Turns: 5228, Time: 00:10:25

Health: -7/46      AC:  4    Str: 15    XL:     6   Next: 43%
Magic:  11/11      EV: 12    Int: 23    God:
Gold:   95         SH:  0    Dex: 18    Spells: 2 memorised, 5 levels left

rFire  . . .     SeeInvis .     a - 2 arrows
rCold  . . .     Gourm    +     b - +0 robe
rNeg   + . .     Faith    .     (no shield)
rPois  .         Spirit   .     r - +1 helmet
rElec  .         Dismiss  .     (no cloak)
rCorr  .         Reflect  .     (no gloves)
SustAt +         Harm     .     (no boots)
MR     .....                    s - amulet of the gourmand
Stlth  ++........               m - +6 ring of intelligence
                                x - ring of positive energy

@: not resistant to hostile enchantments, unstealthy
A: high mp 1, sustain attributes
a: no special abilities


You were on level 4 of the Dungeon.
You were completely stuffed.

You visited 1 branch of the dungeon, and saw 4 of its levels.

You collected 95 gold pieces.


Innate Abilities, Weirdness & Mutations

You have an increased reservoir of magic (+10% MP).
Your attributes are resistant to harm.


   Skills:
 - Level 0.8 Fighting
 - Level 1.7 Dodging
 + Level 7.0 Unarmed Combat
 - Level 1.7 Spellcasting
 - Level 1.7 Transmutations


You had 5 spell levels left.
You knew the following spells:

 Your Spells              Type           Power        Failure   Level  Hunger
y - Sticks to Snakes      Trmt           ##......     12%         2    ##.....
z - Beastly Appendage     Trmt           ##....       10%         1    #......


Dungeon Overview and Level Annotations

Branches:
Dungeon (4/15)
 Temple: D:4-7

Annotations:
D:4 Robin

Inventory:

Hand Weapons
 t - a +0 dagger
Missiles
 a - 2 arrows (in hand)
Armour
 b - a +0 robe (worn)
 o - a +2 hat
 r - a +1 helmet (worn)
 u - a +2 buckler
Jewellery
 i - an uncursed ring of resist corrosion
 m - a +6 ring of intelligence (right hand)
 s - an amulet of the gourmand (around neck)
 x - a ring of positive energy (left hand)
Scrolls
 e - 2 scrolls of enchant weapon
 f - a scroll of remove curse {unknown}
 h - a scroll of identify {@r1}
 j - a scroll of random uselessness {unknown}
 k - a scroll of teleportation {@r4}
 n - a scroll of amnesia {unknown}
 p - a scroll of fog {unknown}
Potions
 g - a potion of flight {unknown}
 l - a potion of ambrosia {unknown}
 v - a potion of haste {unknown}
 w - a potion of mutation {unknown}
 z - a potion of heal wounds {unknown}
 A - a potion of cancellation {unknown}
 B - a potion of berserk rage {unknown}
 C - a potion of lignification {unknown}
 D - a potion of might {unknown}
Books
 c - a book of Changes
Comestibles
 d - 3 bread rations
 q - 4 meat rations

#...#...o..#..#........#)..#
#...#......'..#........#'###
##..+......#..#............#
##..#......#'##............#
#...#............######....#
###'#............#....#....#
##..#######......#....######
#.........#......#....#....#
#.........#.....@#SS..#....#
##........#......##'####..##
##..##....#...o..h....##'########
##+###....#...........#..........
# #....#..........)'.......... ##
#....#...........#.......... .#
#....'...........#..........
.##########...........###########
...............####...#


You could see a hound and an orc.


Message History

You create a snake!
You now have 4 arrows.
The hound bites you.
* * * LOW HITPOINT WARNING * * *
Casting: Sticks to Snakes You create a snake!
You now have 3 arrows.
The hound closely misses you. The hound bites you.
* * * LOW HITPOINT WARNING * * *
The orc barely misses you.
Your ball python closely misses the hound.
Your ball python misses the hound.
Casting: Sticks to Snakes You create a snake!
You now have 2 arrows.
The hound barely misses you.
Your ball python completely misses the hound.
Your ball python grabs the hound.
Your ball python constricts the hound.
The orc hits you from afar with a trident!
* * * LOW HITPOINT WARNING * * *
You swap places.
The hound closely misses your ball python.
Your ball python bites the hound but does no damage.
Your ball python constricts the hound.
The hound bites your ball python.
Your ball python bites the hound.
Read which item? (? for menu, Esc to quit)
As you read the scroll labeled OWKICI OXYMM, it crumbles to dust.
It is a scroll of identify.
Identify which item? (\ to view known items) (? for menu, Esc to quit)
e - 2 scrolls of enchant weapon The hound bites your ball python.
Your ball python dies!
Your ball python bites the hound but does no damage.
Your ball python constricts the hound.
Your ball python barely misses the hound.
Read which item? (? for menu, Esc to quit)
Identify which item? (\ to view known items) (? for menu, Esc to quit)
As you read the scroll of identify {@r1}, it crumbles to dust.
k - 2 scrolls of teleportation The hound struggles to escape constriction.
Your ball python bites the hound.
Your ball python constricts the hound.
Your ball python bites the hound.
The hound bites your ball python.
Your ball python bites the hound but does no damage.
Your ball python constricts the hound.
Read which item? (? for menu, Esc to quit)
As you read the scroll of teleportation {@r4}, it crumbles to dust.
You feel strangely unstable.
The hound closely misses your ball python.
Your ball python bites the hound but does no damage.
Your ball python bites the hound.
Your ball python constricts the hound.
The hound bites your ball python.
Your ball python bites the hound but does no damage.
Your ball python barely misses the hound.
Your ball python constricts the hound.
The hound completely misses your ball python.
Your surroundings suddenly seem different.
There is an open door here.
Which direction?
You close the door.
You close the door.
You open the door.
There's a creature in the doorway!
Unknown command.
You open the door. The orc closely misses you.
There is an open door here.
The orc hits you from afar with a trident.
* * * LOW HITPOINT WARNING * * *
There is an open door here.
There is an open door here.
The hound barks!
The orc hits you from afar with a trident.
* * * LOW HITPOINT WARNING * * *
The orc hits you from afar with a trident!
You die...

Action                   |  1- 3 |  4- 6 || total
-------------------------+-------+-------++-------
Melee: Unarmed           |   145 |   196 ||   341
       Headbutt          |     3 |     3 ||     6
       Kick              |     9 |    46 ||    55
       Punch             |     1 |     3 ||     4
 Cast: Beastly Appendage |    20 |    35 ||    55
       Sticks to Snakes  |       |    10 ||    10
  Use: Scroll            |       |     3 ||     3
 Stab: Sleeping          |     6 |     1 ||     7
  Eat: Meat ration       |     1 |       ||     1
       Chunk             |       |    22 ||    22
Armor: Robe              |    14 |    45 ||    59
Dodge: Dodged            |    91 |    94 ||   185

Vault maps used:
D:1:      onia_arrival_larder
D:2:      cheibriados_altar_1
D:3:      minmay_door_path, first_bread
D:4:      zin_statuary, kennysheep_small_spiral, grunt_ministairs_7,
          uniq_menkaure, uniq_robin

Notes
Turn   | Place    | Note
--------------------------------------------------------------
     0 | D:1      | Sixotanaka the Demigod Transmuter began the quest for the Orb.
     0 | D:1      | Reached XP level 1. HP: 15/15 MP: 5/5
    89 | D:1      | Reached skill level 3 in Unarmed Combat
   366 | D:1      | Reached XP level 2. HP: 20/22 MP: 7/7
   373 | D:1      | Learned a level 2 spell: Sticks to Snakes
  1256 | D:2      | Reached XP level 3. HP: 12/27 MP: 8/8
  1478 | D:2      | Reached skill level 4 in Unarmed Combat
  1636 | D:2      | Found a snail-covered altar of Cheibriados.
  2126 | D:2      | Reached XP level 4. HP: 32/34 MP: 7/9
  2524 | D:3      | Reached skill level 5 in Unarmed Combat
  2980 | D:3      | Reached XP level 5. HP: 24/39 MP: 7/10
  3810 | D:4      | Noticed Menkaure
  3833 | D:4      | HP: 9/39 [Menkaure (15)]
  3836 | D:4      | Killed Menkaure
  3836 | D:4      | Reached skill level 6 in Unarmed Combat
  4074 | D:4      | Reached XP level 6. HP: 41/46 MP: 9/11
  4845 | D:4      | Noticed Robin
  5005 | D:4      | Reached skill level 7 in Unarmed Combat
  5179 | D:4      | HP: 10/46 [hound (2)]
  5180 | D:4      | HP: 2/46 [orc/trident (8)]
  5209 | D:4      | HP: 1/46 [orc/trident (5)]
  5226 | D:4      | HP: 2/46 [orc/trident (2)]
  5228 | D:4      | Mangled by an orc

Vanquished Creatures
  Menkaure (D:4)
  A crimson imp (D:4)
  A jelly (D:4)
  An iguana (D:4)
  3 worker ants
  8 adders
  2 oozes
  A dart slug (D:1)
  6 giant geckos
  5 orcs
  2 ball pythons
  6 giant cockroaches
  13 goblins
  12 hobgoblins
  2 jackals (D:4)
  2 quokkas
  3 bats
  A giant newt (D:1)
  9 kobolds
  9 rats
88 creatures vanquished.

Vanquished Creatures (collateral kills)
  2 adders (D:3)
  A giant cockroach (D:4)
  2 rats (D:3)
5 creatures vanquished.

Grand Total: 93 creatures vanquished
